Map: Catalyst LE

Players

DnS

  • Race: Protoss Protoss
  • Spawn Location: 11:00

Harstem - Winner!

  • Race: Protoss Protoss
  • Spawn Location: 5:00

Event: WCS Valencia 2018

VOD

Have the link to the VOD?

Description

Time

  • Played on: July 12, 2018, 9:32 a.m.
  • Length: 6:32

All games in this series

Show
View Real Time Build Order
Export as new Build Order

DnS Protoss 

Build Orders: Blink Stalkers, Dark Templar Rush 

Get SALT Encoding   

  12  0:00  Probe  
  13  0:12  Probe  
  14  0:17  Pylon  
  14  0:24  Probe  
  15  0:32  Probe  
  15  0:37  Gateway  
  15  0:40  Probe  
  16  0:46  Assimilator  
  17  0:50  Probe  
  17  0:55  Assimilator  
  18  0:58  Probe  
  19  1:06  Probe  
  20  1:12  Gateway  
  20  1:17  Probe  
  20  1:25  Cybernetics Core  
  21  1:29  Probe  
  22  1:35  Pylon  
  22  1:41  Probe  
  23  1:53  Warp Gate, Probe  
  24  2:02  Stalker x2  
  28  2:11  Pylon  
  28  2:32  Stalker x2  
  32  2:42  Twilight Council  
  36  3:08  Nexus  
  32  3:20  Dark Shrine  
  32  3:21  Probe  
  32  3:26  Shield Battery  
  33  3:28  Blink  
  33  3:37  Probe  
  34  3:50  Pylon  
  34  3:59  Adept x2  
  38  4:04  Probe  
  39  4:16  Probe  
  41  4:28  Shield Battery  
  41  4:29  Shield Battery  
  40  4:33  Dark Templar  
  40  4:36  Dark Templar  
  44  4:42  Shield Battery  
  42  4:55  Probe x2  
  42  5:06  Shield Battery  
  42  5:09  Stalker  
  42  5:10  Stalker  
  42  5:11  Probe x2  
  44  5:23  Probe  
  44  5:24  Probe  
  46  5:31  Stalker  
  46  5:32  Stalker  
  50  5:38  Probe  
  48  5:48  Stalker x2  
  46  6:13  Stalker x2  
Show
View Real Time Build Order
Export as new Build Order

Harstem Protoss - Winner!

Build Orders:  

Get SALT Encoding   

  12  0:00  Probe  
  13  0:12  Probe  
  14  0:18  Pylon  
  14  0:24  Probe  
  15  0:32  Probe  
  15  0:38  Gateway  
  15  0:40  Probe  
  17  0:50  Assimilator  
  17  0:51  Probe  
  18  0:59  Probe  
  18  1:00  Assimilator  
  19  1:07  Probe  
  19  1:13  Gateway  
  19  1:17  Probe  
  20  1:25  Cybernetics Core  
  21  1:29  Probe  
  22  1:37  Pylon  
  22  1:41  Probe  
  23  1:55  Probe  
  18  2:01  Stalker x2  
  24  2:03  Warp Gate  
  28  2:14  Pylon  
  28  2:26  Robotics Facility  
  28  2:36  Sentry  
  29  2:53  Nexus  
  29  3:02  Immortal  
  33  3:21  Gateway  
  33  3:27  Shield Battery  
  33  3:32  Warp Prism  
  33  3:42  Probe  
  36  3:51  Pylon  
  36  3:59  Probe  
  37  4:06  Probe  
  37  4:09  Sentry x2  
  42  4:11  Probe  
  43  4:18  Probe  
  44  4:25  Observer  
  44  4:27  Stalker, Probe  
  44  4:29  Pylon  
  48  4:37  Adept  
  51  4:39  Adept  
  51  4:44  Probe  
  49  4:54  Observer  
  49  4:55  Sentry  
  49  4:57  Sentry  
  49  4:59  Probe  
  53  5:04  Probe  
  55  5:12  Adept  
  55  5:14  Probe  
  57  5:16  Probe  
  55  5:26  Adept, Probe  
  59  5:30  Pylon  
  58  5:36  Stalker x2  
  62  5:47  Stalker  
  64  5:55  Probe  
  65  6:01  Zealot x2  
  65  6:02  Probe  
  68  6:10  Probe  
  69  6:14  Probe  
  69  6:18  Stalker  
  59  6:27  Stalker  
  59  6:28  Stalker  
Tags
 
Add a new tag
Caveats
  • Supply blocks, unpowered buildings, or Contaminate may cause inaccurate times.
  • Supply counts are checked every 10 seconds.